 Dungeon Crawl Stone Soup version 0.28-a0-863-g8cecda6153 (webtiles) character file.

Game seed: 3231465842880065722

14277 funkygono the Eclecticist (level 11, -3/57 HPs)
             Began as a Deep Elf Fire Elementalist on Nov 16, 2021.
             Was an Elder of Vehumet.
             Slain by a sixfirhy (10 damage)
             ... summoned by a kobold demonologist
             ... on level 11 of the Dungeon.
             The game lasted 00:23:25 (13022 turns).

funkygono the Eclecticist (DEFE)                   Turns: 13022, Time: 00:23:26

Health: -3/57      AC: 13    Str:  5    XL:     11   Next: 86%
Magic:  26/32      EV: 13    Int: 24    God:    Vehumet [****..]
Gold:   660        SH:  0    Dex: 15    Spells: 13/40 levels left

rFire   . . .      SeeInvis +   p - +2 short sword (speed)
rCold   . . .      Faith    .   (no shield)
rNeg    . . .      Spirit   .   H - +2 robe {Archmagi}
rPois   +          Reflect  .   b - +1 helmet
rElec   .          Harm     .   K - +1 cloak
rCorr   .          Rampage  .   Q - +0 pair of gloves
Will    +....      Archmagi +   (no boots)
Stlth   +++.......              B - amulet of magic regeneration
HPRegen 0.19/turn               g - ring "Soapauz" {rPois SInv}
MPRegen 0.48/turn               j - +4 ring of protection

@: no status effects
A: no striking features
a: Renounce Religion


You were on level 11 of the Dungeon.
You worshipped Vehumet.
Vehumet was greatly pleased with you.
You visited 1 branch of the dungeon, and saw 11 of its levels.
You also visited: Sewer.

You collected 660 gold pieces.

Inventory:

Hand Weapons
 p - a +2 short sword of speed (weapon)
 O - a +1 dagger of venom
Missiles
 e - 373 stones (quivered)
 P - 3 throwing nets
Armour
 a - a +0 robe
 b - a +1 helmet (worn)
 o - a +0 chain mail of cold resistance
 u - a +1 ring mail of willpower
 v - a +0 troll leather armour
 C - the +4 ring mail "Daguetisa" {Fly rC+}
   (You found it on level 6 of the Dungeon)

   rC:        It protects you from cold.
   Fly:       It grants you flight.
 D - +0 steam dragon scales
 H - a +2 robe of the Archmagi (worn)
 J - +0 acid dragon scales
 K - a +1 cloak (worn)
 Q - a +0 pair of gloves (worn)
Magical Staves
 s - a staff of fire
 E - a staff of conjuration
Jewellery
 g - the ring "Soapauz" (left hand) {rPois SInv}
   (You acquired it on level 2 of the Dungeon)

   [ring of see invisible]

   rPois:     It protects you from poison.
   SInv:      It lets you see invisible.
 j - a +4 ring of protection (right hand)
 l - a ring of magical power
 t - an amulet of reflection
 x - a +4 ring of slaying
 B - an amulet of magic regeneration (around neck)
 T - an amulet of faith
Wands
 y - a wand of digging (4)
 I - a wand of iceblast (7)
 R - a wand of charming (6)
Scrolls
 n - 2 scrolls of summoning
 q - 2 scrolls of amnesia
 w - 4 scrolls of teleportation
 A - 2 scrolls of fog
 S - a scroll of enchant weapon
Potions
 c - 2 potions of resistance
 d - 6 potions of heal wounds
 f - 2 potions of lignification {unknown}
 h - 3 potions of curing
 i - 2 potions of might {unknown}
 k - 4 potions of attraction
 m - a potion of haste {unknown}
 r - 3 potions of invisibility {unknown}
 z - 2 potions of cancellation {unknown}
 F - a potion of ambrosia {unknown}
 G - 2 potions of degeneration {unknown}
 L - a potion of mutation {unknown}
 M - 4 potions of brilliance {unknown}
 N - a potion of magic {unknown}


   Skills:
 + Level 2.1 Fighting
 + Level 1.9 Short Blades
 + Level 4.3 Dodging
 + Level 3.8 Stealth
 * Level 15.0 Spellcasting
 * Level 8.1 Conjurations
 + Level 4.3 Necromancy
 * Level 13.0 Fire Magic
 * Level 3.8 Air Magic


You had 13 spell levels left.
You knew the following spells:

 Your Spells              Type           Power      Damage    Failure   Level
a - Foxfire               Conj/Fire      100%       2x1d9     1%          1
b - Scorch                Fire           100%       2d10      0%          2
c - Conjure Flame         Conj/Fire      80%        6-21      1%          3
d - Flame Wave            Conj/Fire      80%        3d14      1%          4
e - Sticky Flame          Conj/Fire      80%        2d9       1%          4
f - Magic Dart            Conj           100%       1d8       1%          1
g - Dispel Undead         Necr           55%        3d20      5%          4
h - Ignite Poison         Fire/Tmut/Pois 55%        N/A       1%          3
i - Lightning Bolt        Conj/Air       31%        1d48      2%          5

Your spell library contained the following spells:

 Spells                   Type           Power      Damage    Failure   Level
 Freezing Cloud           Conj/Ice/Air   26%        6-21      4%          5
 Freeze                   Ice            100%       1d11      1%          1
 Static Discharge         Conj/Air       63%        N/A       1%          2
 Inner Flame              Hex/Fire       65%        N/A       1%          3
 Airstrike                Air            26%        N/A       1%          4
 Hailstorm                Conj/Ice       54%        3d12      1%          4
 Frozen Ramparts          Ice            54%        1d7       2%          3
 Ozocubu's Armour         Ice            27%        N/A       10%         3
 Summon Lightning Spire   Summ/Air       40%        N/A       14%         4
 Ozocubu's Refrigeration  Ice            13%        4d7       99%         7


Dungeon Overview and Level Annotations

Branches:
Dungeon (11/15)            Temple (0/1) D:4            Lair (0/6) D:11
    Orc (0/2) D:10          Sewer (visited)

Altars:
Fedhas
Gozag
Makhleb
Qazlal
Ru
Sif Muna
Uskayaw
Vehumet
Wu Jian
Xom
Yredelemnul
Zin

Annotations:
D:7 1 runed translucent door, sn0wgr3's ghost, novice MiFi


Message History

The kobold demonologist is severely wounded.
The sixfirhy hits you but does no damage.
The sixfirhy misses you.
You hit the kobold demonologist but do no damage.
The kobold demonologist is severely wounded.
The kobold demonologist hits you but does no damage.
You writhe in agony.
Casting: Scorch (safe; 0% risk of failure)
Confirm with . or Enter, or press ? or * to list all spells.
You feel a surge of power!
Flames lash the kobold demonologist.
The kobold demonologist is almost dead.
The kobold demonologist's fire resistance burns away.
The kobold demonologist barely misses you.
Unknown command.
Casting: Scorch (safe; 0% risk of failure)
Confirm with . or Enter, or press ? or * to list all spells.
You feel a surge of power!
Flames lash the sixfirhy.
The sixfirhy is moderately wounded.
The sixfirhy's fire resistance burns away.
The sixfirhy hits you but does no damage. x2
The kobold demonologist hits you but does no damage.
Casting: Scorch (safe; 0% risk of failure)
Confirm with . or Enter, or press ? or * to list all spells.
You feel a surge of power!
Flames lash the sixfirhy.
The sixfirhy is burned terribly!
The sixfirhy is heavily wounded.
The sixfirhy misses you. The sixfirhy hits you. The sixfirhy shocks you!
The sixfirhy hits you but does no damage.
The sixfirhy hits you. The sixfirhy shocks you!
* * * LOW HITPOINT WARNING * * *
The kobold demonologist hits you but does no damage.
Casting: Scorch (safe; 0% risk of failure)
Confirm with . or Enter, or press ? or * to list all spells.
You feel a surge of power!
Flames lash the sixfirhy.
The sixfirhy is burned terribly!
The sixfirhy is severely wounded.
The sixfirhy barely misses you. The sixfirhy hits you.
* * * LOW HITPOINT WARNING * * *
The sixfirhy shocks you!
You die...

##.##.# .......
##...#.##.........
#....<..+.........
##...#.##.........
#.......#
#.####..# #.# #..#
#K####..#
#@#.....#
#3#.###.#
#.......#
###.#####
#.######..
#.........
########..


You could see a kobold demonologist (combustible) and a sixfirhy (summoned,
combustible).

Vanquished Creatures
  Harold (D:10)
  2 two-headed ogres
  Erica (D:8)
  Pikel (D:8)
  A cyclops (D:10)
  Maurice (D:8)
  An elephant (D:11)
  2 unseen horrors
  A hornet (D:7)
  2 trolls
  A shadow (D:9)
  Sigmund (D:5)
  2 basilisks (D:11)
  2 wyverns (D:11)
  26 yaks
  2 steam dragons (D:9)
  2 vampire mosquitoes (D:7)
  An acid dragon (D:11)
  4 orc warriors (D:10)
  2 ice beasts
  A sky beast (D:7)
  An ogre (D:5)
  A black bear (D:11)
  5 centaurs
  A necrophage (D:5)
  3 phantoms
  4 lemures (D:8)
  A kobold brigand (D:10)
  A gnoll sergeant (D:6)
  A bullfrog (Sewer)
  4 scorpions
  A water moccasin skeleton (D:6)
  3 killer bees (D:8)
  5 wights (D:6)
  A howler monkey (D:7)
  A bullfrog zombie (D:6)
  4 centaur zombies
  4 hounds
  2 jellies
  A bullfrog skeleton (D:7)
  8 orc priests
  A centaur skeleton (D:6)
  Jessica (D:2)
  4 iguanas
  18 orc wizards
  2 hound skeletons (D:5)
  3 gnolls (D:6)
  14 adders
  A shadow imp (D:7)
  2 white imps
  An ufetubus (D:6)
  An adder skeleton (D:4)
  A worm (D:6)
  A dart slug (D:5)
  31 orcs
  7 ball pythons
  5 bats
  6 endoplasms
  9 giant cockroaches
  6 goblins
  8 hobgoblins
  5 jackals (D:1)
  5 quokkas
  10 frilled lizards
  A jackal skeleton (D:4)
  6 kobolds
  8 rats
266 creatures vanquished.

Vanquished Creatures (collateral kills)
  A foxfire (D:5)
1 creature vanquished.

Vanquished Creatures (others)
  890 foxfires
  A plant (D:11)
891 creatures vanquished.

Grand Total: 1158 creatures vanquished

Notes
Turn   | Place    | Note
-------+----------+-------------------------------------------
     0 | D:1      | funkygono the Deep Elf Fire Elementalist began the quest
                  | for the Orb.
     0 | D:1      | Reached XP level 1. HP: 10/10 MP: 6/6
   313 | D:1      | Found a faded altar of an unknown god.
   379 | D:1      | Reached XP level 2. HP: 15/15 MP: 5/8
   382 | D:1      | Learned a level 2 spell: Scorch
  1001 | D:2      | Reached XP level 3. HP: 3/19 MP: 5/9
  1005 | D:2      | Learned a level 3 spell: Conjure Flame
  1306 | D:2      | Noticed Jessica
  1312 | D:2      | Killed Jessica
  1573 | D:2      | Found a radiant altar of Vehumet.
  1578 | D:2      | Became a worshipper of Vehumet
  1651 | D:2      | Reached XP level 4. HP: 24/24 MP: 6/11
  1665 | D:2      | Learned a level 4 spell: Flame Wave
  2094 | D:2      | Identified a scroll of acquirement
  2094 | D:2      | Acquired the ring "Soapauz" {rPois SInv}
  2291 | D:3      | Noticed a scorpion
  2299 | D:3      | Killed a scorpion
  2300 | D:3      | Reached skill level 4 in Spellcasting
  2300 | D:3      | Reached skill level 5 in Fire Magic
  2300 | D:3      | Reached XP level 5. HP: 28/28 MP: 4/14
  2981 | D:4      | Reached skill level 5 in Spellcasting
  3084 | D:4      | Learned a level 4 spell: Sticky Flame
  3110 | D:4      | Reached * piety under Vehumet
  3110 | D:4      | Offered knowledge of Magic Dart by Vehumet.
  3212 | D:4      | Reached XP level 6. HP: 32/32 MP: 6/16
  3214 | D:4      | Learned a level 1 spell: Magic Dart
  3484 | D:4      | Reached skill level 6 in Spellcasting
  3771 | D:4      | Found a shimmering blue altar of Sif Muna.
  4048 | D:4      | Found a staircase to the Ecumenical Temple.
  4354 | D:5      | Entered Level 5 of the Dungeon
  4364 | D:5      | Reached XP level 7. HP: 37/37 MP: 14/19
  4370 | D:5      | Reached skill level 7 in Spellcasting
  4747 | D:5      | Found a glowing silver altar of Zin.
  4756 | D:5      | Found a shimmering altar of Xom.
  4756 | D:5      | Found a hide-covered altar of Uskayaw.
  4772 | D:5      | Found a blossoming altar of Fedhas.
  4914 | D:5      | Reached skill level 8 in Spellcasting
  5266 | D:5      | Offered knowledge of Freeze by Vehumet.
  5267 | D:5      | Reached XP level 8. HP: 42/42 MP: 16/22
  5297 | D:5      | Found a radiant altar of Vehumet.
  5467 | D:5      | Noticed Sigmund
  5473 | D:5      | Killed Sigmund
  5473 | D:5      | Reached ** piety under Vehumet
  5625 | D:5      | Learned a level 4 spell: Dispel Undead
  5662 | D:6      | Reached skill level 9 in Spellcasting
  5681 | D:6      | Reached skill level 1 in Necromancy
  6039 | D:6      | Found a glowing drain.
  6076 | Sewer    | Entered a sewer
  6400 | Sewer    | Offered knowledge of Ignite Poison by Vehumet.
  6476 | Sewer    | Reached skill level 1 in Short Blades
  6697 | Sewer    | Learned a level 3 spell: Ignite Poison
  6719 | D:6      | Reached skill level 5 in Conjurations
  7349 | D:6      | Reached *** piety under Vehumet
  7423 | D:6      | Identified the +4 ring mail "Daguetisa" {Fly rC+}
  7426 | D:6      | Reached XP level 9. HP: 46/46 MP: 20/24
  7439 | D:6      | Reached skill level 1 in Fighting
  7615 | D:7      | Reached skill level 10 in Spellcasting
  8175 | D:7      | Found a runed translucent door.
  8180 | D:7      | Noticed sn0wgr3's ghost (novice MiFi)
  8927 | D:8      | Noticed Erica
  8937 | D:7      | Reached skill level 11 in Spellcasting
  9209 | D:8      | Killed Erica
  9209 | D:8      | Offered knowledge of Frozen Ramparts by Vehumet.
  9210 | D:8      | Reached skill level 10 in Fire Magic
  9210 | D:8      | Reached XP level 10. HP: 52/52 MP: 23/27
  9519 | D:8      | Noticed Pikel
  9534 | D:8      | Killed Pikel
  9599 | D:8      | Noticed Maurice
  9606 | D:8      | Killed Maurice
  9607 | D:8      | Reached skill level 12 in Spellcasting
  9679 | D:8      | Found an ornate altar of the Wu Jian Council.
  9792 | D:8      | Found an opulent altar of Gozag.
  9795 | D:8      | Found a sacrificial altar of Ru.
  9873 | D:8      | Found a burning altar of Makhleb.
  9874 | D:8      | Found a basalt altar of Yredelemnul.
  9994 | D:8      | Learned a level 5 spell: Lightning Bolt
 10130 | D:9      | Reached **** piety under Vehumet
 10691 | D:9      | Reached skill level 13 in Spellcasting
 10691 | D:9      | Reached skill level 1 in Air Magic
 10698 | D:9      | Offered knowledge of Freezing Cloud by Vehumet.
 10973 | D:10     | Entered Level 10 of the Dungeon
 11098 | D:10     | Reached XP level 11. HP: 23/57 MP: 27/30
 11709 | D:10     | Noticed Harold
 11724 | D:10     | Noticed a two-headed ogre
 11733 | D:10     | Killed Harold
 11734 | D:10     | Killed a two-headed ogre
 11735 | D:10     | Reached skill level 14 in Spellcasting
 11879 | D:10     | Found a stormy altar of Qazlal.
 12044 | D:10     | Found a staircase to the Orcish Mines.
 12430 | D:11     | Found a staircase to the Lair.
 12430 | D:11     | Noticed a two-headed ogre
 12451 | D:11     | Killed a two-headed ogre
 12913 | D:11     | Reached skill level 15 in Spellcasting
 13016 | D:11     | Noticed a sixfirhy
 13022 | D:11     | Slain by a sixfirhy

Illustrated notes

Levels and vault maps discovered:
D:1:      mrwooster_arrival_statue, layout_basic,
          chequers_ecumenical_altar_island
D:2:      layout_loops_ring, basic_altar, st_stairs_6, uniq_jessica
D:3:      layout_rooms, serial_corexii_hall, corexii_hall_statues_l,
          corexii_hall_statues_t
D:4:      layout_loops_corners, nicolae_sif_muna_little_library,
          minmay_temple_entry_antechambers, minmay_crossroads
D:5:      layout_cave_pods, lemuel_tele_altar, grunt_temple_overflow_open,
          serial_park_tiny_1, minmay_quadrilaterals, uniq_sigmund
D:6:      layout_loops_ring, cheibrodos_sewer_entry_drain
D:7:      layout_loops_corners, ebering_ghost_inner_flame
D:8:      layout_basic, minitemple, pdpol_wu_jian_five_deadly_venoms,
          hangedman_decor_clover_reticule, uniq_pikel, uniq_erica, uniq_maurice
D:9:      layout_basic, chequers_serial_rivers_small_b
D:10:     layout_loops_ring, mainiacjoe_overflow_surrounded_room, david_orc_4,
          st_stairs_4, uniq_harold
D:11:     layout_loops_corners, david_lair_generic, hangedman_incinerator,
          uniq_fannar, uniq_grum

Skill      XL: |  1  2  3  4  5  6  7  8  9 10 11 |
---------------+----------------------------------+-----
Fire Magic     | 4 5 6 7 8 10 11 13 | 13.0
Spellcasting   | 4 5 6 8 9 11 13 15 | 15.0
Conjurations   | 2 3 5 6 7 8 |  8.1
Stealth        | 3 |  3.8
Necromancy     | 1 3 4 |  4.3
Dodging        | 3 4 |  4.3
Short Blades   | 1 |  1.9
Fighting       | 1 2 |  2.1
Air Magic      | 1 3 |  3.8

Action                   |  1- 3 |  4- 6 |  7- 9 | 10-12 || total
-------------------------+-------+-------+-------+-------++-------
Melee: Short sword       |    10 |     8 |    32 |    27 ||    77
 Cast: Foxfire           |    35 |    96 |   185 |   202 ||   518
       Scorch            |    11 |    19 |    61 |    55 ||   146
       Sticky Flame      |       |       |     1 |       ||     1
       Flame Wave        |       |       |     2 |    18 ||    20
       Conjure Flame     |       |       |       |     2 ||     2
  Use: Scroll            |       |     6 |     9 |     4 ||    19
       Potion            |       |       |     1 |       ||     1
 Stab: Sleeping          |     1 |       |       |     1 ||     2
Armor: Robe              |     2 |     2 |     8 |    59 ||    71
Dodge: Dodged            |    12 |     8 |    55 |    78 ||   153

Table legend: (Time is in decaauts)
 A = Elapsed time spent in this place.
 B = Non-inter-level travel time spent in this place.
 C = Inter-level travel time spent in this place.
 D = Time resting spent in this place.
 E = Time spent auto-exploring this place.
 F = Levels seen in this place.
 G = Mean time per level.
                   A        B        C        D        E       F      G
               +--------+--------+--------+--------+--------+-----+--------+
         Total |  13090 |  12863 |    227 |    706 |  10218 |  12 | 1090.8 |
       Dungeon |  12370 |  12143 |    227 |    585 |   9732 |  11 | 1124.5 |
         Sewer |    720 |    720 |      0 |    121 |    486 |   1 |  720.0 |
               +--------+--------+--------+--------+--------+-----+--------+

Top non-repeatable levels by time:
     D:7: 1630 daAuts
     D:4: 1578 daAuts
     D:5: 1276 daAuts
     D:6: 1262 daAuts
     D:9: 1184 daAuts
     D:2: 1128 daAuts
    D:10: 1097 daAuts
     D:1: 992 daAuts
     D:8: 846 daAuts
   Sewer: 720 daAuts
    D:11: 717 daAuts
     D:3: 654 daAuts
